 Dungeon Crawl Stone Soup version 0.29-a0-9-g022ca4c890 (webtiles) character file.

Game seed: 6063526324195960491

23395 Grim the Warrior (level 12, -6/124 HPs)
             Began as a Minotaur Fighter on Jan 28, 2022.
             Was an Elder of Fedhas.
             Killed by divine providence
             ... invoked by a meliai
              (9 damage)
             ... on level 13 of the Dungeon.
             The game lasted 00:23:24 (13431 turns).

Grim the Warrior (Minotaur Fighter)                Turns: 13431, Time: 00:23:25

Health: -6/124     AC: 14    Str: 21    XL:     12   Next: 71%
Magic:  18/18      EV: 14    Int: 12    God:    Fedhas [****..]
Gold:   766        SH:  5    Dex: 14    Spells: 11/11 levels left

rFire   . . .      SeeInvis .   a - +11 morningstar "Ureet" {holy, *Corrode rC+ Stlth+}
rCold   + + +      Faith    .   c - +0 buckler
rNeg    + . .      Spirit   .   N - +1 ring mail {rF+}
rPois   .          Reflect  .   O - +2 hat {Int+3}
rElec   .          Harm     .   p - +2 cloak of Burning Fun {rF- rC++ rCorr Dex+3}
rCorr   +          Rampage  .   (no gloves)
Will    .....                   j - +1 pair of boots
Stlth   ++........              (no amulet)
HPRegen 0.30/turn               n - +4 ring of evasion
MPRegen 0.16/turn               A - ring of positive energy

@: lethally poisoned (-6 -> -9)
A: horns 2, retaliatory headbutt
a: Renounce Religion, Wall of Briars, Grow Ballistomycete, Overgrow


You were on level 13 of the Dungeon.
You worshipped Fedhas.
Fedhas was greatly pleased with you.
You visited 1 branch of the dungeon, and saw 14 of its levels.

You collected 766 gold pieces.

Inventory:

Hand Weapons
 a - the +11 morningstar "Ureet" (weapon) {holy, *Corrode rC+ Stlth+}
   (You found it on level 3 of the Dungeon)

   It has been blessed by the Shining One to cause great damage to the undead
   and demons.
   rC:        It protects you from cold.
   *Corrode:  It may corrode you when you take damage.
   Stlth:     It makes you more stealthy.
 b - the +9 hunting sling of Makhleb's Benevolence {freeze, rPois rC- rN+++ rCorr}
   (You found it on level 9 of the Dungeon)

   Any ammunition fired from it freezes those it strikes, dealing additional
   cold damage.
   It can also slow down cold-blooded creatures.
   rC:        It makes you vulnerable to cold.
   rPois:     It protects you from poison.
   rN:        It renders you almost immune to negative energy.
   rCorr:     It protects you from acid and corrosion.
Missiles
 e - 5 atropa-tipped darts
 m - 8 boomerangs of dispersal
 x - 12 boomerangs
 E - 11 javelins
 F - 20 poisoned darts (quivered)
 G - 6 curare-tipped darts
 I - 6 throwing nets
 R - 54 sling bullets
 S - 214 stones
Armour
 c - a +0 buckler (worn)
 i - a +0 scale mail
 j - a +1 pair of boots (worn)
 p - the +2 cloak of Burning Fun (worn) {rF- rC++ rCorr Dex+3}
   (You found it on level 3 of the Dungeon)

   Dex:       It affects your dexterity (+3).
   rF:        It makes you vulnerable to fire.
   rC:        It greatly protects you from cold.
   rCorr:     It protects you from acid and corrosion.
 u - a +0 kite shield
 L - a +0 chain mail
 N - a +1 ring mail of fire resistance (worn)
 O - a +2 hat of intelligence (worn)
Jewellery
 n - a +4 ring of evasion (left hand)
 A - a ring of positive energy (right hand)
 C - a ring of ice
 M - a ring of protection from fire
Wands
 v - a wand of digging (11)
 J - a wand of acid (17)
 K - a wand of flame (29)
 X - a wand of iceblast (10)
 Z - a wand of charming (8)
Scrolls
 f - 2 scrolls of teleportation
 h - 4 scrolls of fog
 k - 10 scrolls of amnesia
 l - 2 scrolls of immolation
 o - a scroll of torment
 s - 6 scrolls of magic mapping
 t - 3 scrolls of enchant armour
 y - 2 scrolls of noise
 D - 3 scrolls of blinking
 U - 2 scrolls of holy word
 W - 2 scrolls of silence
Potions
 d - 2 potions of might
 g - a potion of berserk rage {unknown}
 q - 2 potions of ambrosia
 r - 2 potions of mutation {!q}
 w - a potion of flight
 z - a potion of brilliance {unknown}
 B - 4 potions of curing
 Q - a potion of magic {unknown}
 T - 3 potions of heal wounds
 V - 2 potions of attraction
 Y - 2 potions of degeneration {!q}
Miscellaneous
 P - a phial of floods


   Skills:
 * Level 16.5 Fighting
 - Level 6.3 Long Blades
 - Level 14.6 Maces & Flails
 - Level 3.6 Armour
 - Level 3.6 Shields
 - Level 10.0 Invocations


You had 11 spell levels left.
You didn't know any spells.
Your spell library contained the following spells:

 Spells                   Type           Power      Damage    Failure   Level
 Magic Dart               Conj           0%         1d3       56%         1
 Blink                    Tloc           0%         N/A       71%         2
 Call Imp                 Summ           0%         N/A       71%         2
 Static Discharge         Conj/Air       0%         N/A       71%         2
 Mephitic Cloud           Conj/Pois/Air  0%         N/A       91%         3
 Summon Guardian Golem    Hex/Summ       0%         N/A       91%         3
 Lightning Bolt           Conj/Air       0%         1d11      100%        5
 Manifold Assault         Tloc           0%         N/A       100%        5
 Orb of Destruction       Conj           0%         9d5       100%        7
 Spellforged Servitor     Conj/Summ      0%         N/A       100%        7
 Storm Form               Tmut/Air       0%         N/A       100%        7
 Maxwell's Capacitive Co  Air            0%         ∞         100%        8


Dungeon Overview and Level Annotations

Branches:
Dungeon (14/15)            Temple (0/1) D:5            Lair (0/6) D:8
    Orc (0/2) D:10         Vaults (0/5) D:13

Altars:
Fedhas
Kikubaaqudgha
The Shining One

Shops:
D:2 (   D:11 =   D:12 ?

Annotations:
D:11 1 runed translucent door, Thargor's ghost, journeyman DjFE


Innate Abilities, Weirdness & Mutations

You have a pair of horns on your head.
You reflexively headbutt those who attack you in melee.


Message History

The meliai hits you with a +0 war axe!
* * * LOW HITPOINT WARNING * * *
The meliai stings you!
* * * LOW HITPOINT WARNING * * *
The killer bee barely misses you. You furiously retaliate!
You headbutt the killer bee!
The meliai calls down the wrath of its god upon you.
Something smites you!
* * * LOW HITPOINT WARNING * * *
You climb upwards.
You feel very sick.
There is a stone staircase leading down here.
Blink to where?
Press: ? - help, Dir - move target
As you read the scroll of blinking, it crumbles to dust.
You feel very sick.
You hear an angry buzzing noise. x2
As you read the scroll of fear, it crumbles to dust.
You assume a fearsome visage.
The killer bee looks frightened!
The killer bee is unaffected.
The meliai resists with some effort.
You feel sick.
The meliai mumbles some strange prayers to its god against you.
Something smites you!
* * * LOW HITPOINT WARNING * * *
You feel sick.
You feel sick.
The killer bee stings you but does no damage.
You feel sick. The killer bee stings you.
* * * LOW HITPOINT WARNING * * *
The killer bee misses you.
Blink to where?
Press: ? - help, Dir - move target
As you read the scroll of blinking, it crumbles to dust.
* * * LOW HITPOINT WARNING * * *
You feel sick.
The killer bee rages.
The meliai invokes the aid of its god against you.
Something smites you!
You die...
Fedhas appreciates your contribution to the ecosystem.

##### #...# #...# #...#
#...#######################
#######..........................
................@..y..y..........
.....................§...........
#########[.############..########
#..# #..#
#..############..########
#########........................
..................y>.............
....................y..........^.
#################..##############


You could see a meliai and a killer bee (berserk).

Vanquished Creatures
  A boulder beetle (D:12)
  Harold (D:9)
  A rakshasa (D:13)
  2 hydras
  6 vault guards (D:13)
  6 two-headed ogres
  A fire crab (shapeshifter) (D:13)
  Pikel (D:7)
  2 cyclopes (D:11)
  3 deep elf pyromancers
  2 manticores
  Joseph (D:9)
  2 komodo dragons
  4 trolls
  A wolf spider simulacrum (D:13)
  A shadow (D:11)
  A wyvern (D:11)
  3 yaks (D:9)
  2 basilisks (D:13)
  A steam dragon (D:10)
  8 vampire mosquitoes
  An acid dragon (D:14)
  2 water moccasins (D:7)
  5 orc warriors
  2 ice beasts (D:8)
  2 sky beasts (D:7)
  A necrophage (D:7)
  2 black bears
  An ogre (D:6)
  5 centaurs
  2 phantoms (D:5)
  A lemure (D:7)
  4 kobold brigands
  2 bullfrogs
  A gnoll sergeant (D:10)
  2 scorpions
  5 howler monkeys
  A bullfrog zombie (D:6)
  5 centaur zombies
  A bullfrog skeleton (D:6)
  A hound (D:3)
  A gnoll shaman (D:7)
  7 orc priests
  An iguana (D:4)
  11 orc wizards
  2 howler monkey zombies
  20 gnolls
  A howler monkey skeleton (D:4)
  5 adders
  2 white imps
  5 worms
  A dart slug (D:3)
  25 orcs
  3 ball pythons
  8 bats
  8 endoplasms
  4 giant cockroaches
  7 hobgoblins
  12 jackals
  3 quokkas
  2 frilled lizards
  5 goblins
  23 kobolds
  7 rats
259 creatures vanquished.

Vanquished Creatures (collateral kills)
  2 vault guards (D:13)
  3 kobolds (D:9)
  4 ballistomycete spores (D:13)
9 creatures vanquished.

Vanquished Creatures (others)
  A ballistomycete spore (D:13)
  12 plants (D:8)
13 creatures vanquished.

Grand Total: 281 creatures vanquished

Notes
Turn   | Place    | Note
-------+----------+-------------------------------------------
     0 | D:1      | Grim the Minotaur Fighter began the quest for the Orb.
     0 | D:1      | Reached XP level 1. HP: 19/19 MP: 0/0
    45 | D:1      | Reached XP level 2. HP: 26/26 MP: 1/1
   273 | D:1      | Reached XP level 3. HP: 31/31 MP: 2/2
   527 | D:1      | Found a faded altar of an unknown god.
   575 | D:1      | Prayed at the altar of an unknown god.
   575 | D:1      | Became a worshipper of Fedhas Madash
   575 | D:1      | Reached * piety under Fedhas
   848 | D:2      | Reached skill level 5 in Long Blades
   942 | D:2      | Reached XP level 4. HP: 36/39 MP: 3/3
  1068 | D:2      | Found Pyuwky's Weapon Boutique.
  1171 | D:1      | Reached skill level 1 in Invocations
  1270 | D:2      | Reached ** piety under Fedhas
  1340 | D:2      | Found a glowing golden altar of the Shining One.
  1572 | D:3      | Identified the +2 cloak of Burning Fun {rF- rC++ rCorr
                  | Dex+3}
  1774 | D:3      | Identified the +11 morningstar "Ureet" {holy, *Corrode rC+
                  | Stlth+}
  1806 | D:3      | Reached XP level 5. HP: 44/45 MP: 5/5
  1974 | D:3      | Noticed a black bear
  1982 | D:3      | Killed a black bear
  1983 | D:3      | Reached XP level 6. HP: 51/51 MP: 6/6
  2887 | D:5      | Entered Level 5 of the Dungeon
  2963 | D:5      | Reached XP level 7. HP: 57/57 MP: 8/8
  3013 | D:5      | Reached skill level 5 in Maces & Flails
  3131 | D:5      | Found a staircase to the Ecumenical Temple.
  3316 | D:5      | Reached *** piety under Fedhas
  3991 | D:6      | Reached XP level 8. HP: 35/64 MP: 10/10
  4155 | D:6      | Reached skill level 5 in Invocations
  4750 | D:7      | Found a blossoming altar of Fedhas.
  5274 | D:7      | Noticed Pikel
  5285 | D:7      | Killed Pikel
  5286 | D:7      | Reached skill level 10 in Maces & Flails
  5286 | D:7      | Reached XP level 9. HP: 42/70 MP: 9/13
  5748 | D:8      | Reached **** piety under Fedhas
  5847 | D:8      | Noticed a two-headed ogre
  5850 | D:8      | Noticed a komodo dragon
  5860 | D:8      | Killed a komodo dragon
  5865 | D:8      | Killed a two-headed ogre
  5909 | D:8      | Found a staircase to the Lair.
  6163 | D:8      | Reached XP level 10. HP: 54/77 MP: 15/15
  6335 | D:8      | Noticed a two-headed ogre
  6342 | D:8      | Killed a two-headed ogre
  6748 | D:9      | Noticed a two-headed ogre
  6756 | D:9      | Killed a two-headed ogre
  6757 | D:9      | Reached skill level 4 in Fighting
  6835 | D:9      | Noticed a manticore
  6842 | D:9      | Killed a manticore
  7123 | D:9      | Noticed Harold
  7135 | D:9      | Killed Harold
  7136 | D:9      | Reached skill level 5 in Fighting
  7443 | D:9      | Identified the +9 hunting sling of Makhleb's Benevolence
                  | {freeze, rPois rC- rN+++ rCorr}
  7512 | D:9      | Noticed Joseph
  7520 | D:9      | Killed Joseph
  8084 | D:9      | Found an ancient bone altar of Kikubaaqudgha.
  8124 | D:9      | Reached skill level 6 in Fighting
  8228 | D:10     | Entered Level 10 of the Dungeon
  8280 | D:10     | Reached XP level 11. HP: 77/91 MP: 15/17
  8368 | D:10     | Reached ***** piety under Fedhas
  8427 | D:10     | Found a staircase to the Orcish Mines.
  8809 | D:11     | Found Hynwegen's One-of-a-Kind Rings.
  8815 | D:11     | Noticed a two-headed ogre
  8819 | D:11     | Killed a two-headed ogre
  8820 | D:11     | Reached skill level 7 in Fighting
  9037 | D:11     | Found a runed translucent door.
  9038 | D:11     | Noticed Thargor's ghost (journeyman DjFE)
  9045 | D:11     | Reached skill level 8 in Fighting
  9079 | D:11     | Reached skill level 10 in Invocations
  9585 | D:11     | Reached skill level 9 in Fighting
  9741 | D:12     | Noticed a boulder beetle
  9758 | D:12     | Noticed a four-headed hydra
  9765 | D:11     | HP: 3/97 [troll (2)]
 10230 | D:12     | Killed a four-headed hydra
 10231 | D:12     | Reached skill level 10 in Fighting
 10259 | D:12     | Noticed a two-headed ogre
 10265 | D:12     | Killed a two-headed ogre
 10340 | D:12     | Found Vaaxog's Magic Scroll Shoppe.
 10343 | D:12     | Noticed a deep elf pyromancer
 10349 | D:12     | Killed a deep elf pyromancer
 10350 | D:12     | Reached skill level 11 in Fighting
 10400 | D:12     | Killed a boulder beetle
 10938 | D:12     | Reached skill level 12 in Fighting
 11511 | D:13     | Noticed a deep elf pyromancer
 11516 | D:13     | Killed a deep elf pyromancer
 11848 | D:13     | Noticed an eight-headed hydra
 11875 | D:13     | Killed an eight-headed hydra
 11876 | D:13     | Reached skill level 13 in Fighting
 11876 | D:13     | Reached XP level 12. HP: 35/115 MP: 18/18
 12438 | D:13     | Noticed a two-headed ogre
 12446 | D:13     | Killed a two-headed ogre
 12501 | D:13     | Reached skill level 14 in Fighting
 12523 | D:13     | Found a gate to the Vaults.
 12523 | D:13     | Noticed a vault guard
 12523 | D:13     | Noticed a vault guard
 12523 | D:13     | Noticed a vault guard
 12523 | D:13     | Noticed a vault guard
 12523 | D:13     | Noticed a vault guard
 12523 | D:13     | Noticed a vault guard
 12523 | D:13     | Noticed a vault guard
 12531 | D:13     | Killed a vault guard
 12532 | D:13     | Killed a vault guard
 12533 | D:13     | Noticed a vault guard
 12538 | D:13     | Killed a vault guard
 12540 | D:13     | Killed a vault guard
 12541 | D:13     | Reached skill level 15 in Fighting
 12547 | D:13     | Killed a vault guard
 12550 | D:13     | Killed a vault guard
 12553 | D:13     | Killed a vault guard
 12555 | D:13     | Killed a vault guard
 12556 | D:13     | Reached skill level 16 in Fighting
 12864 | D:13     | Noticed a rakshasa
 12875 | D:13     | Killed a rakshasa
 13424 | D:14     | Noticed a centaur warrior
 13430 | D:13     | HP: 6/124 [poisoned by a meliai]
 13431 | D:13     | Killed from afar by a meliai

Illustrated notes

Levels and vault maps discovered:
D:1:      scummos_arrival_hexagon, layout_loops_ring,
          shapermc_ecumenical_altar_ellora, chequers_serial_rivers_room_b
D:2:      layout_rooms, basic_altar, serial_shops,
          nicolae_shop_bloodbath_and_beyond, minmay_mini_jars
D:3:      layout_rooms, minivault_14
D:4:      layout_basic
D:5:      layout_basic, minmay_temple_entry_arrows
D:6:      layout_loops_ring, hangedman_abyss_or_decor_lesser_grid,
          minmay_liquid_box
D:7:      layout_basic, fedhas_altar_2, minmay_stone_trees_small, uniq_pikel
D:8:      layout_basic, david_lair_shrubbed, minmay_between
D:9:      layout_loops_cross, mainiacjoe_overflow_alcove_2, uniq_joseph,
          uniq_harold
D:10:     layout_rooms, orc_0_dummy
D:11:     layout_loops_ring, gammafunk_ghost_grave,
          hangedman_abyss_or_decor_passed, minmay_hedge_maze,
          nicolae_shop_unique_rings
D:12:     layout_irregular_city, serial_shops, shop
D:13:     layout_long_grid, erik_vaults_2, st_stairs_6
D:14:     layout_basic, nicolae_lava_and_water, minivault_7

Skill      XL: |  1  2  3  4  5  6  7  8  9 10 11 12 |
---------------+-------------------------------------+-----
Long Blades    | 3 4 5 6 |  6.3
Invocations    | 1 2 3 4 6 8 9 10 | 10.0
Maces & Flails | 2 4 7 10 12 14 | 14.6
Fighting       | 6 13 16 | 16.5
Armour         | |  3.6
Shields        | |  3.6

Action                   |  1- 3 |  4- 6 |  7- 9 | 10-12 || total
-------------------------+-------+-------+-------+-------++-------
Melee: Long sword        |   115 |    45 |       |       ||   160
       Headbutt          |    15 |    13 |    18 |    50 ||    96
       Morningstar       |       |    41 |   143 |   225 ||   409
 Fire: Hunting sling     |       |       |       |    66 ||    66
Throw: Dart              |       |       |     5 |     9 ||    14
Invok: Wall of Briars    |       |       |     2 |     3 ||     5
       Grow Ballistomyce |       |       |     1 |     2 ||     3
       Overgrow          |       |       |       |     1 ||     1
  Use: Potion            |       |       |     1 |     1 ||     2
       Scroll            |       |       |       |    23 ||    23
 Stab: Sleeping          |       |       |       |     1 ||     1
       Confused          |       |       |       |     1 ||     1
Armor: Scale mail        |    56 |    40 |    47 |       ||   143
       Chain mail        |       |       |     9 |    16 ||    25
       Ring mail         |       |       |       |    95 ||    95
Dodge: Dodged            |    64 |    41 |    66 |   120 ||   291
Block: Buckler           |    31 |    25 |    21 |    49 ||   126

Table legend: (Time is in decaauts)
 A = Elapsed time spent in this place.
 B = Non-inter-level travel time spent in this place.
 C = Inter-level travel time spent in this place.
 D = Time resting spent in this place.
 E = Time spent auto-exploring this place.
 F = Levels seen in this place.
 G = Mean time per level.
                   A        B        C        D        E       F      G
               +--------+--------+--------+--------+--------+-----+--------+
         Total |  13450 |  12967 |    483 |   2939 |   8298 |  14 |  960.7 |
       Dungeon |  13450 |  12967 |    483 |   2939 |   8298 |  14 |  960.7 |
               +--------+--------+--------+--------+--------+-----+--------+

Top non-repeatable levels by time:
    D:13: 1831 daAuts
    D:12: 1343 daAuts
     D:7: 1274 daAuts
     D:8: 1203 daAuts
     D:9: 1199 daAuts
    D:11: 995 daAuts
     D:1: 908 daAuts
    D:10: 897 daAuts
     D:6: 857 daAuts
     D:5: 811 daAuts
     D:4: 758 daAuts
     D:2: 696 daAuts
     D:3: 579 daAuts
    D:14: 92 daAuts
